Match 45216401
Unlisted

Match 45216401
End
Construct Section Command Post
Royal Engineer Section
Selects Canadian Shock Battlegroup
Dingo Light Scout Car
Infantry Section
Grenade Package
Infantry Section
Selects Offensive Resupply
Selects Canadian Shock Section
Construct Field Infirmary
Canadian Shock Section
Construct Platoon Command Post
6-pounder Anti-tank Gun Team
Canadian Shock Section
Selects Incendiary Munitions
Vickers Machine Gun Team
Unlock Bishop Self-propelled Artillery
Infantry Training
Bishop Self-propelled Artillery
Vickers Machine Gun Team
Construct Company Command Post
Foot Guards Section
Selects Pyrotechnics
Selects Churchill Crocodile Heavy Tank
Royal Engineer Section
WilllTHENOOBz
NEP_wilson_NEP
Pin0kyo
Eilte
0
0

Comments sign in to comment!

No comments posted yet!